 Dungeon Crawl Stone Soup version 0.23.2-1-ga50397a (webtiles) character file.

Game seed: 6070033003293731255

931 goulibeur the Skirmisher (level 7, -10/96 HPs)
             Began as a Yellow Draconian Berserker on May 19, 2019.
             Was a Priest of Trog.
             Mangled by an orc warrior
             ... wielding a +0 flail
              (17 damage)
             ... on level 6 of the Dungeon.
             The game lasted 00:18:08 (4429 turns).

goulibeur the Skirmisher (DrBe)                     Turns: 4429, Time: 00:18:09

Health: -10/96     AC:  9    Str: 25      XL:     7   Next: 86%
Magic:  7/7        EV: 14    Int:  7      God:    Trog [***...]
Gold:   238        SH:  0    Dex: 10 (12) Spells: 6/6 levels left

rFire    . . .     SeeInvis +   y - +2 falchion (vamp)
rCold    . . .     Gourm    .   (no shield)
rNeg     . . .     Faith    .   (armour unavailable)
rPois    .         Spirit   .   (helmet restricted)
rElec    .         Reflect  .   (no cloak)
rCorr    +         Harm     .   p - +0 pair of gloves
MR       .....                  i - +1 pair of boots
Stlth    ..........             (no amulet)
HPRegen  0.26/turn              n - ring of see invisible
MPRegen  0.10/turn              w - ring of stealth

@: berserking, very quick
A: spit acid, unfitting armour, cold-blooded, acid resistance, AC +6
a: Breathe Acid, Berserk, Trog's Hand, Renounce Religion


You were on level 6 of the Dungeon.
You worshipped Trog.
Trog was most pleased with you.
You were very hungry.

You visited 1 branch of the dungeon, and saw 6 of its levels.

You collected 238 gold pieces.

Inventory:

Hand Weapons
 a - a +0 falchion
 y - a +2 vampiric falchion (weapon)
 z - a +0 great sword
Armour
 i - a +1 pair of boots (worn)
 p - a +0 pair of gloves (worn)
Jewellery
 l - an uncursed ring of ice
 n - a ring of see invisible (left hand)
 w - a ring of stealth (right hand)
Scrolls
 c - a scroll of identify
 h - a scroll of amnesia
 j - a scroll of magic mapping
 q - a scroll of immolation {unknown}
 s - a scroll of noise {unknown}
 t - a scroll of enchant weapon {unknown}
 u - a scroll of remove curse
 v - a scroll of random uselessness {unknown}
 A - a scroll of fear {unknown}
 B - a scroll of teleportation
Potions
 d - a potion of degeneration
 e - 2 potions of might
 f - a potion of resistance
 g - a potion of berserk rage {unknown}
 k - a potion of agility {unknown}
 m - a potion of mutation {unknown}
 o - a potion of curing {unknown}
 r - a potion of brilliance {unknown}
Comestibles
 b - 4 rations
 x - a chunk of flesh


   Skills:
 + Level 6.6 Fighting
 + Level 5.9 Long Blades
 + Level 5.4 Dodging


You had 6 spell levels left.
You didn't know any spells.
Your spell library was empty.

Dungeon Overview and Level Annotations

Branches:
Dungeon (6/15)
 Temple: D:4-7

Altars:
Fedhas
Hepliaklqana
Kikubaaqudgha
Makhleb
Trog
Uskayaw
Vehumet
Zin
The Shining One

Annotations:
D:5 exclusion: statue


Innate Abilities, Weirdness & Mutations

You can spit globs of acid.
Your golden yellow scales are hard. (AC +6)
You cannot fit into any form of body armour.
You are cold-blooded and may be slowed by cold attacks.
You are resistant to acid. (rCorr)


Message History

Found a stone staircase leading up.
You slash the orc!
You feel better.
You kill the orc!
Trog accepts your kill.
The orc warrior hits you with a +0 flail!
You closely miss the orc warrior.
The orc warrior hits you with a +0 flail!!
* * * LOW HITPOINT WARNING * * *
There is a stone staircase leading up here.
A red film seems to cover your vision as you go berserk!
You feel yourself moving faster!
You feel mighty!
You are feeling very hungry.
You slash the orc warrior!
You feel better.
The orc warrior is moderately wounded.
The orc warrior hits you with a +0 flail!
* * * LOW HITPOINT WARNING * * *
You barely miss the orc warrior.
The orc warrior is moderately wounded.
The orc warrior hits you with a +0 flail!
You die...

........ # ##.##.###
#.#.......# # .
#.#...#.#.#.#....
#>.....).........
.....#.#.#.###.#.#.#
#### #.........#
#.#.#.#.###..<#
#..@o.#.# ##
#######.# ..# ###


You could see an orc warrior.

Vanquished Creatures
  3 ice beasts
  2 centaurs
  A scorpion (D:5)
  An orc priest (D:5)
  2 hounds (D:5)
  A quasit (D:5)
  A bullfrog skeleton (D:5)
  Ijyb (D:3)
  3 worker ants
  3 gnolls (D:2)
  3 adders
  A shadow imp (D:5)
  4 oozes
  A worm (D:3)
  3 dart slugs
  3 leopard geckos
  11 orcs
  9 bats
  3 giant cockroaches
  9 goblins
  4 hobgoblins
  10 jackals
  9 kobolds
  4 quokkas
  4 frilled lizards
  A jackal skeleton (D:5)
  A quokka zombie (D:5)
  5 rats
103 creatures vanquished.

Notes
Turn   | Place    | Note
-------+----------+-------------------------------------------
     0 | D:1      | goulibeur the Draconian Berserker began the quest for the
                  | Orb.
     0 | D:1      | Reached XP level 1. HP: 19/19 MP: 1/1
    58 | D:1      | Reached XP level 2. HP: 24/26 MP: 2/2
   710 | D:2      | Reached ** piety under Trog
   710 | D:2      | Reached XP level 3. HP: 29/33 MP: 3/3
   796 | D:2      | Noticed a centaur
   811 | D:2      | Killed a centaur
   811 | D:2      | Reached skill level 4 in Fighting
   811 | D:2      | Reached XP level 4. HP: 15/41 MP: 4/4
  1236 | D:2      | Reached XP level 5. HP: 41/47 MP: 5/5
  2093 | D:3      | Noticed Ijyb
  2096 | D:3      | Paralysed by Ijyb for 5 turns
  2114 | D:3      | Killed Ijyb
  2368 | D:3      | Reached *** piety under Trog
  2368 | D:3      | Reached skill level 5 in Fighting
  2774 | D:3      | Reached XP level 6. HP: 56/56 MP: 6/6
  3570 | D:5      | Entered Level 5 of the Dungeon
  3570 | D:5      | Noticed an ice beast
  3776 | D:5      | Noticed an ice beast
  3781 | D:5      | Killed an ice beast
  3781 | D:5      | Reached skill level 5 in Long Blades
  3784 | D:5      | Your scales start taking on a golden yellow colour.
  3784 | D:5      | Reached XP level 7. HP: 62/62 MP: 7/7
  3784 | D:5      | Gained mutation: You are resistant to acid. (rCorr) [Yellow
                  | Draconian growth]
  3801 | D:5      | Reached skill level 6 in Fighting
  3801 | D:5      | Reached skill level 5 in Dodging
  3894 | D:5      | Found a radiant altar of Vehumet.
  4144 | D:5      | Found a blossoming altar of Fedhas.
  4298 | D:5      | Found a bloodstained altar of Trog.
  4303 | D:5      | Found a glowing golden altar of the Shining One.
  4310 | D:5      | Found a burning altar of Makhleb.
  4311 | D:5      | Found a glowing silver altar of Zin.
  4311 | D:5      | Found a hide-covered altar of Uskayaw.
  4312 | D:5      | Found an ancient bone altar of Kikubaaqudgha.
  4316 | D:5      | Found a hazy altar of Hepliaklqana.
  4429 | D:6      | Mangled by an orc warrior

Skill      XL: |  1  2  3  4  5  6  7 |
---------------+----------------------+-----
Dodging        | 3 4 5 |  5.4
Fighting       | 4 5 6 |  6.6
Long Blades    | 4 5 |  5.9

Action                   |  1- 3 |  4- 6 |  7- 9 || total
-------------------------+-------+-------+-------++-------
Melee: Falchion          |    95 |   180 |    67 ||   342
       Tailslap          |    13 |    39 |     5 ||    57
Invok: Berserk           |       |     1 |     1 ||     2
  Use: Scroll            |       |       |    10 ||    10
 Stab: Sleeping          |     1 |     1 |     1 ||     3
  Eat: Chunk             |       |     9 |     1 ||    10
       Ration            |       |       |     2 ||     2
Armor: Skin              |    18 |    40 |    31 ||    89
Dodge: Dodged            |    73 |   122 |    69 ||   264
       Rpst.: Falchion   |    21 |    42 |    18 ||    81
